 Dungeon Crawl Stone Soup version 0.27.0-1-g7a089689b8 (webtiles) character file.

Game seed: 14022737475275765948

122226 gimp the Severer (level 16, 0/146 HPs)
             Began as a Deep Dwarf Artificer on Aug 7, 2021.
             Was the Champion of Makhleb.
             Killed by angry trees
             ... awakened by a spriggan druid
              (7 damage)
             ... while paralysed by a fenstrider witch
             ... on level 2 of the Swamp.
             The game lasted 01:38:09 (23418 turns).

gimp the Severer (Deep Dwarf Artificer)            Turns: 23418, Time: 01:38:10

Health: 0/146      AC: 26    Str: 21    XL:     16   Next: 34%
Magic:  12/12      EV:  2    Int: 14    God:    Makhleb [******]
Gold:   917        SH:  0    Dex: 13    Spells: 15/15 levels left

rFire    + . .     SeeInvis +   a - +3 war axe (flame)
rCold    . . .     Faith    .   F - +0 kite shield
rNeg     + . .     Spirit   .   B - +2 plate armour {rPois}
rPois    +         Reflect  .   K - +0 mask of the Dragon {Will+ Slay+3 SInv}
rElec    .         Harm     .   q - +1 cloak
rCorr    .         Rampage  .   l - +0 pair of gloves
Will     +++..                  (no boots)
Stlth    ..........             (no amulet)
HPRegen  0.00/turn              d - +4 ring of protection
MPRegen  0.13/turn              P - ring of protection from fire

@: paralysed
A: damage resistance, heal wounds, negative energy resistance 1, sense
surroundings 2, no regeneration
a: Heal Wounds, Renounce Religion, Minor Destruction, Lesser Servant of Makhleb,
Major Destruction, Greater Servant of Makhleb


You were on level 2 of the Swamp.
You worshipped Makhleb.
Makhleb was exalted by your worship.
You visited 5 branches of the dungeon, and saw 26 of its levels.
You also visited: Bailey and Ice Cave.

You collected 3110 gold pieces.
You spent 2193 gold pieces at shops.

Inventory:

Hand Weapons
 a - a +3 war axe of flaming (weapon)
 b - the +10 morningstar "Eos" {elec, Halo rElec}
   (You found it on level 8 of the Dungeon)

   It occasionally discharges a powerful burst of electricity upon striking a
   foe.
   It grants its wielder a halo, increasing accuracy against those within it.
   rElec:     It insulates you from electricity.
 M - a +0 broad axe
Missiles
 c - 3 javelins
 k - 102 poisoned darts (quivered)
 s - 2 throwing nets
 I - 4 curare-tipped darts
 O - 5 silver javelins
Armour
 l - a +0 pair of gloves (worn)
 q - a +1 cloak (worn)
 B - a +2 plate armour of poison resistance (worn)
 F - a +0 kite shield (worn)
 J - a +3 plate armour of willpower
 K - the +0 mask of the Dragon (worn) {Will+ Slay+3 SInv}
   (You bought it in a shop on level 5 of the Dungeon)

   Slay:      It affects your accuracy & damage with ranged weapons and melee
   (+3).
   SInv:      It lets you see invisible.
   Will:      It increases your willpower.
Jewellery
 d - a +4 ring of protection (left hand)
 g - a ring of fire
 C - a +4 ring of protection
 G - a ring of resist corrosion
 P - a ring of protection from fire (right hand)
 Q - a ring of protection from cold
Wands
 x - a wand of charming (36)
 z - a wand of paralysis (3)
 T - a wand of digging (3)
Scrolls
 f - 7 scrolls of teleportation
 j - 3 scrolls of enchant armour
 r - 4 scrolls of magic mapping
 y - 3 scrolls of fog
 A - a scroll of holy word
 E - 2 scrolls of identify
 H - 2 scrolls of brand weapon
 N - 4 scrolls of enchant weapon
 R - a scroll of fear
Potions
 h - 5 potions of lignification
 n - 3 potions of ambrosia
 o - 2 potions of mutation
 p - 3 potions of might
 t - 2 potions of haste
 u - 4 potions of heal wounds
 v - 6 potions of curing
 w - 4 potions of flight
 D - a potion of berserk rage
 L - a potion of resistance
 S - a potion of cancellation
Miscellaneous
 e - a piece from Xom's chessboard (15/15)
 i - a tin of tremorstones (inert)
 m - a phial of floods (inert)


   Skills:
 - Level 10.0 Fighting
 - Level 18.0 Axes
 * Level 13.5 Armour
 - Level 1.1 Dodging
 - Level 1.2 Stealth
 + Level 14.4 Shields
 - Level 10.1 Invocations
 + Level 12.5 Evocations


You had 15 spell levels left.
You didn't know any spells.
Your spell library contained the following spells:

 Spells                   Type           Power      Damage    Failure   Level
 Beastly Appendage        Tmut           0%         N/A       98%         1
 Sublimation of Blood     Necr           0%         N/A       99%         2
 Wereblood                Tmut           0%         N/A       99%         2
 Spider Form              Tmut/Pois      0%         N/A       100%        3
 Tukima's Dance           Hex            0%         N/A       100%        3
 Passage of Golubria      Tloc           N/A        N/A       100%        4
 Petrify                  Tmut/Erth      0%         N/A       100%        4
 Alistair's Intoxication  Tmut/Pois      0%         N/A       100%        5
 Borgnjor's Vile Clutch   Necr/Erth      0%         N/A       100%        5
 Irradiate                Conj/Tmut      0%         3d13      100%        5
 Iskenderun's Battlesphe  Conj           0%         2d6       100%        5
 Yara's Violent Unravell  Hex/Tmut       0%         3d3       100%        5
 Eringya's Noxious Bog    Tmut/Pois      0%         N/A       100%        6
 Iron Shot                Conj/Erth      0%         9d1       100%        6
 Spellforged Servitor     Conj/Summ      0%         N/A       100%        7


Dungeon Overview and Level Annotations

Branches:
Dungeon (15/15)            Temple (1/1) D:5            Lair (6/6) D:11
  Swamp (2/4) Lair:2       Spider (0/4) Lair:3        Slime (0/5) Lair:6
    Orc (2/2) D:9             Elf (0/3) Orc:2        Vaults (0/5) D:13
 Bailey (visited)           IceCv (visited)
 Depths: D:15

Altars:
Ashenzari
Cheibriados
Dithmenos
Elyvilon
Fedhas
Gozag
Hepliaklqana
Kikubaaqudgha
Makhleb
Nemelex Xobeh
Okawaru
Qazlal
Ru
Sif Muna
Trog
Uskayaw
Vehumet
Wu Jian
Xom
Yredelemnul
Zin
The Shining One
Beogh
Jiyva

Shops:
D:4 !   D:5 *   Orc:2 ?[:*

Annotations:
D:4 Grinder, Sigmund
D:14 exclusion: obsidian statue
D:15 exclusion: door
Lair:3 exclusion: oklob plant
Lair:6 1 runed translucent door
Orc:1 Jorgrun
Orc:2 exclusion: upstairs


Innate Abilities, Weirdness & Mutations

You are resistant to damage.
You can heal yourself by infusing magical energy.
You resist negative energy. (rN+)
You passively map the area around you.
You do not regenerate.


Message History

A tree reaches out and hits your green death!
A root smacks your hellwing from below!
Your green death gestures at the fenstrider witch.
The poison arrow hits the fenstrider witch.
The fenstrider witch partially resists.
The fenstrider witch is poisoned.
The fenstrider witch hits you but does no damage.
The fenstrider witch kicks you but does no damage.
The trees move their gnarly branches around.
Your green death is hit by a branch!
A root smacks your hellwing from below!
Your hellwing dies!
A tree reaches out and hits you.
Your green death barely misses the fenstrider witch.
The fenstrider witch hits you but does no damage.
You block the fenstrider witch's attack.
The spriggan druid points at you and mumbles some strange words.
You block the stone arrow.
Things that are here:
a +0 quarterstaff; a +1 robe of cold resistance; a spriggan corpse You take 1 damage, and have 48/146 hp.
Your green death is hit by a branch!
Your green death dies!
You are hit by a branch!
* * * LOW HITPOINT WARNING * * *
The fenstrider witch gestures at you while chanting.
You suddenly lose the ability to move!
The spriggan druid points at you and mumbles some strange words.
The stone arrow hits you!!
* * * LOW HITPOINT WARNING * * *
A tree reaches out and hits you.
* * * LOW HITPOINT WARNING * * *
The fenstrider witch hits you but does no damage.
The fenstrider witch kicks you but does no damage.
You are hit by a branch.
* * * LOW HITPOINT WARNING * * *
The spriggan druid gestures at you while chanting.
The stone arrow hits you but does no damage.
The fenstrider witch hits you but does no damage.
The fenstrider witch kicks you. A tree reaches out and hits you!
You die...

,*, * ≈♣≈...≈.....♣
,** , ≈ , ♣≈.≈≈≈≈♣ *
,,, ≈≈≈ ♣♣≈†≈.♣♣...♣ ,
, ≈ ♣♣♣♣≈§≈†♣♣ .♣♣
♣♣♣♣♣ ♣♣♣♣≈.≈.≈..≈♣ *
♣ ..≈≈♣♣♣
*♣..≈....§...♣
..§≈.≈♣♣♣♣♣..§.≈♣)†.♣♣
...≈≈.≈♣♣≈.≈...♣iH≈≈.♣
....≈(......♣≈..@≈)≈≈♣
♣..≈≈≈...≈♣♣♣.....♣.♣♣
≈≈.♣≈...♣♣♣♣♣≈.♣.♣♣♣♣
≈.....♣♣♣♣♣♣≈≈.♣♣♣
≈≈...♣♣♣≈.♣♣♣≈♣♣♣
≈..≈♣≈≈...♣ ♣♣♣.♣
§≈.♣≈..≈≈≈♣♣♣♣..♣♣
≈..≈≈..≈≈.♣≈.≈...♣
.≈≈≈..≈≈≈.♣♣♣♣..♣♣


You could see a fenstrider witch (very poisoned) and a spriggan druid.

Vanquished Creatures
  Frances (D:14)
  Donald (Swamp:1)
  A thorn hunter (Swamp:2)
  Kirke (Lair:4)
  Azrael (D:13)
  4 bunyips
  Nessos (Lair:6)
  2 fire dragons
  A shambling mangrove (Swamp:2)
  A rakshasa (D:15)
  A great orb of eyes (D:15)
  2 boulder beetles
  6 ogre magi
  15 hydras
  A catoblepas (D:13)
  2 centaur warriors
  A death knight (D:15)
  22 two-headed ogres
  5 alligators
  An orc high priest (Orc:2)
  3 tengu warriors
  Sonja (Lair:3)
  5 spriggans (Swamp:2)
  A skeletal warrior (D:15)
  4 goliath frogs
  A shadow wraith (D:13)
  2 swamp dragons (Swamp:2)
  A phantasmal warrior (D:15)
  2 spriggan druids (Swamp:2)
  3 bog bodies
  A lindwurm (Lair:3)
  A wizard (D:14)
  An orc knight (Bailey)
  A necromancer (Swamp:1)
  2 deep elf pyromancers (D:15)
  15 ugly things
  A will-o-the-wisp (Swamp:2)
  A wolf spider (Lair:3)
  3 cyclopes
  6 centaur zombies
  3 black mambas
  13 elephants
  A cane toad (shapeshifter) (D:15)
  13 cane toads
  7 komodo dragons
  2 unseen horrors
  A freezing wraith (D:15)
  A torpor snail (Lair:2)
  2 rime drakes (Lair:1)
  An efreet (D:14)
  An entropy weaver simulacrum (IceCv)
  A hydra zombie (Swamp:1)
  A jumping spider (Lair:3)
  6 meliai
  3 polar bears
  A hornet (shapeshifter) (D:15)
  Prince Ribbit (Lair:3)
  10 trolls
  3 hornets (Swamp:2)
  3 tyrant leeches
  19 blink frogs
  4 dream sheep (Lair:6)
  3 alligator zombies (Swamp:1)
  14 slime creatures
  2 redbacks (Lair:3)
  2 vampires (D:12)
  2 shadows
  A wraith (D:13)
  3 wyverns
  2 basilisks
  A fire elemental (D:13)
  24 yaks
  7 hogs
  A human (D:7)
  A steam dragon (D:8)
  13 vampire mosquitoes
  A warg (Orc:1)
  2 demonic crawler simulacra (IceCv)
  A hydra simulacrum (Swamp:1)
  5 swamp worms
  8 water moccasins
  3 hell hounds
  A swamp drake (Swamp:2)
  22 orc warriors
  A swamp dragon zombie (Swamp:1)
  An alligator simulacrum (Swamp:1)
  2 black bears
  33 ogres
  3 boggarts (D:13)
  8 centaurs
  2 kobold brigands
  A phantom (D:5)
  15 bullfrogs
  A gnoll sergeant (D:7)
  A glowing shapeshifter simulacrum (IceCv)
  A wyvern zombie (D:7)
  23 killer bees
  4 wights (D:8)
  4 howler monkeys
  A bullfrog zombie (D:7)
  4 hounds
  A gnoll shaman (D:8)
  12 orc priests
  A bullfrog skeleton (D:3)
  A centaur skeleton (D:7)
  12 orc wizards
  6 iguanas
  4 hell rats (Lair:5)
  A hound zombie (D:5)
  3 howler monkey zombies
  Robin (D:3)
  2 howler monkey skeletons (D:5)
  8 adders
  16 gnolls
  A shadow imp (D:8)
  62 orcs
  5 ball pythons
  5 endoplasms
  2 giant cockroaches
  17 goblins
  5 hobgoblins
  2 jackals (D:1)
  26 kobolds
  3 quokkas (D:3)
  5 bats
  A frilled lizard (D:3)
  10 rats
658 creatures vanquished.

Vanquished Creatures (collateral kills)
  Rupert (D:13)
  A bunyip (Swamp:1)
  2 hydras
  An alligator (Swamp:2)
  A spriggan druid (Swamp:2)
  A queen bee (D:13)
  A polar bear (Lair:6)
  3 tyrant leeches
  A swamp drake (Swamp:2)
  3 killer bees (D:13)
  An electric eel (Lair:6)
  An orc priest (D:11)
  2 orcs
  2 endoplasms
  A goblin (D:1)
  A frilled lizard (D:3)
23 creatures vanquished.

Vanquished Creatures (others)
  Maurice (D:9)
  A bloated husk (Swamp:2)
  2 orcs
  A hobgoblin (D:2)
  A goblin (D:3)
  4 foxfires (Swamp:2)
  43 fungi
  95 plants
148 creatures vanquished.

Grand Total: 829 creatures vanquished

Notes
Turn   | Place    | Note
-------+----------+-------------------------------------------
     0 | D:1      | gimp the Deep Dwarf Artificer began the quest for the Orb.
     0 | D:1      | Reached XP level 1. HP: 16/16 MP: 1/1
    40 | D:1      | Reached skill level 1 in Fighting
   213 | D:1      | Reached XP level 2. HP: 14/26 MP: 2/2
  1046 | D:2      | Reached skill level 1 in Axes
  1046 | D:2      | Reached XP level 3. HP: 13/32 MP: 3/3
  1168 | D:2      | Found a faded altar of an unknown god.
  1269 | D:2      | You fall into a shaft and drop 1 floor!
  1269 | D:3      | Noticed Robin
  1314 | D:4      | Noticed Sigmund
  1314 | D:4      | Noticed an ogre
  1384 | D:3      | Killed Robin
  1414 | D:3      | Reached skill level 1 in Shields
  1629 | D:3      | Reached XP level 4. HP: 17/40 MP: 2/2
  1917 | D:3      | Reached skill level 2 in Axes
  2145 | D:3      | Reached XP level 5. HP: 14/49 MP: 3/3
  2369 | D:4      | Noticed Grinder
  2441 | D:4      | Found Suile's Distillery.
  2449 | D:4      | Bought a potion of curing for 36 gold pieces
  2449 | D:4      | Bought a potion of heal wounds for 60 gold pieces
  2457 | D:5      | Entered Level 5 of the Dungeon
  2486 | D:5      | Noticed a centaur
  2504 | D:5      | Killed a centaur
  2505 | D:5      | Reached skill level 3 in Axes
  2646 | D:5      | Reached XP level 6. HP: 48/56 MP: 3/3
  2688 | D:5      | Reached skill level 4 in Axes
  2862 | D:5      | Found a staircase to the Ecumenical Temple.
  2871 | Temple   | Entered the Ecumenical Temple
  3136 | Temple   | Became a worshipper of Makhleb the Destroyer
  3264 | D:5      | You fall into a shaft and drop 1 floor!
  3341 | D:6      | Reached skill level 5 in Axes
  3425 | D:6      | Reached skill level 6 in Axes
  3425 | D:6      | Reached XP level 7. HP: 31/66 MP: 4/4
  4153 | D:5      | Reached XP level 8. HP: 20/73 MP: 4/4
  4183 | D:5      | Reached skill level 7 in Axes
  4203 | D:5      | Found Votzujarph's Assorted Antiques.
  4534 | D:7      | Reached skill level 5 in Fighting
  4657 | D:7      | Reached * piety under Makhleb
  4738 | D:5      | Bought a glowing war axe for 162 gold pieces
  4812 | D:7      | Found a flagged portal.
  4839 | Bailey   | Entered a bailey
  4858 | Bailey   | Noticed an orc knight
  4940 | Bailey   | Killed an orc knight
  4941 | Bailey   | Reached skill level 8 in Axes
  5051 | Bailey   | Reached skill level 9 in Axes
  5093 | Bailey   | Gained mutation: You passively map the area around you.
                  | [Deep Dwarf growth]
  5093 | Bailey   | Reached XP level 9. HP: 56/82 MP: 5/5
  5167 | Bailey   | Reached ** piety under Makhleb
  5564 | D:7      | Reached skill level 5 in Armour
  5763 | D:7      | Reached skill level 10 in Axes
  6083 | D:8      | Reached *** piety under Makhleb
  6213 | D:8      | Found the +10 morningstar "Eos" {elec, Halo rElec}
  6496 | D:8      | Reached skill level 11 in Axes
  6496 | D:8      | Reached XP level 10. HP: 63/94 MP: 5/5
  7002 | D:9      | Found a staircase to the Orcish Mines.
  7150 | D:9      | Noticed Maurice
  7160 | D:10     | Entered Level 10 of the Dungeon
  7232 | D:10     | Reached skill level 5 in Shields
  7641 | D:10     | Reached skill level 12 in Axes
  7656 | D:10     | Found an opulent altar of Gozag.
  8248 | D:11     | Found a staircase to the Lair.
  8293 | D:11     | Reached **** piety under Makhleb
  8353 | Lair:1   | Entered Level 1 of the Lair of Beasts
  8383 | Lair:1   | Reached XP level 11. HP: 81/100 MP: 5/5
  8409 | Lair:1   | Found a frozen archway.
  8417 | IceCv    | Entered an ice cave
  8892 | Lair:1   | Reached skill level 13 in Axes
  9057 | Lair:1   | Noticed a seven-headed hydra
  9064 | Lair:1   | Killed a six-headed hydra
  9510 | Lair:2   | Found a staircase to the Swamp.
  9733 | Lair:2   | Reached ***** piety under Makhleb
 10175 | Lair:3   | Found a blossoming altar of Fedhas.
 10190 | Lair:3   | Noticed an oklob plant
 10362 | Lair:3   | Noticed Sonja
 10370 | Lair:3   | Killed Sonja
 10371 | Lair:3   | Reached skill level 10 in Shields
 10371 | Lair:3   | Reached skill level 1 in Invocations
 10562 | D:9      | Your ally died
 10677 | D:5      | Bought the +0 mask of the Dragon {Will+ Slay+3 SInv} for
                  | 835 gold pieces
 10677 | D:5      | Found the +0 mask of the Dragon {Will+ Slay+3 SInv}
 10910 | Lair:3   | Noticed Prince Ribbit
 10924 | Lair:3   | Killed Prince Ribbit
 10925 | Lair:3   | Reached skill level 14 in Axes
 10929 | Lair:3   | Reached XP level 12. HP: 87/109 MP: 5/5
 11219 | Lair:3   | Found a hole to the Spider Nest.
 11356 | Lair:4   | Noticed a four-headed hydra
 11356 | Lair:4   | Noticed a six-headed hydra
 11356 | Lair:4   | Noticed Kirke
 11461 | Lair:3   | Killed a one-headed hydra
 11476 | Lair:3   | Killed a two-headed hydra
 11478 | Lair:3   | Reached skill level 5 in Invocations
 11493 | Lair:4   | Killed Kirke
 11494 | Lair:4   | Reached skill level 15 in Axes
 12149 | Lair:5   | Noticed an eight-headed hydra
 12159 | Lair:5   | Killed a four-headed hydra
 12203 | Lair:5   | Reached skill level 16 in Axes
 12261 | Lair:5   | Identified a scroll of acquirement
 12261 | Lair:5   | Acquired 477 gold pieces
 12637 | Lair:6   | Entered Level 6 of the Lair of Beasts
 12695 | Lair:6   | Reached XP level 13. HP: 45/115 MP: 11/11
 13147 | Lair:6   | Noticed Nessos
 13355 | Orc:1    | Entered Level 1 of the Orcish Mines
 13508 | D:9      | Reached ****** piety under Makhleb
 13887 | Orc:2    | Entered Level 2 of the Orcish Mines
 14108 | D:11     | Reached skill level 17 in Axes
 14837 | D:12     | Reached skill level 10 in Invocations
 15756 | D:13     | Noticed a fire dragon
 15779 | D:13     | Killed a fire dragon
 15780 | D:13     | Gained mutation: You resist negative energy. (rN+) [Deep
                  | Dwarf growth]
 15780 | D:13     | Reached XP level 14. HP: 122/127 MP: 13/13
 15825 | D:13     | Noticed Rupert
 16051 | Orc:2    | Reached skill level 5 in Evocations
 16065 | Orc:1    | Noticed Jorgrun
 16481 | Orc:2    | Reached skill level 18 in Axes
 16751 | Orc:2    | Found Lontual's Antique Armour Shoppe.
 16751 | Orc:2    | Found Tud Kownewi's Magic Scroll Shop.
 16752 | Orc:2    | Found Pepooredd's General Store.
 16752 | Orc:2    | Found Riamieb's Book Shoppe.
 16854 | Orc:2    | Found a staircase to the Elven Halls.
 17277 | D:13     | Found a gate to the Vaults.
 17289 | D:13     | Noticed Azrael
 17332 | D:13     | Killed Azrael
 18099 | Lair:6   | Found a runed translucent door.
 18156 | Lair:6   | Killed Nessos
 18157 | Lair:6   | Reached skill level 10 in Fighting
 18309 | Lair:6   | Found a viscous altar of Jiyva.
 18330 | Lair:6   | Found a staircase to the Slime Pits.
 18730 | D:13     | Reached XP level 15. HP: 59/138 MP: 14/14
 18825 | D:13     | Killed Rupert
 19323 | D:14     | Reached skill level 10 in Armour
 19558 | D:14     | Found an ancient bone altar of Kikubaaqudgha.
 19715 | D:14     | Reached skill level 10 in Evocations
 19732 | D:14     | Noticed Frances
 19756 | D:14     | Killed Frances
 20165 | D:15     | Entered Level 15 of the Dungeon
 21717 | D:5      | Bought a tin of tremorstones (2/2) for 1000 gold pieces
 21717 | D:5      | Bought a scroll of identify for 50 gold pieces
 21717 | D:5      | Bought a scroll of identify for 50 gold pieces
 21911 | Swamp:1  | Entered Level 1 of the Swamp
 22295 | Swamp:1  | Noticed Donald
 22315 | Swamp:1  | Killed Donald
 22688 | Swamp:1  | Reached XP level 16. HP: 128/146 MP: 12/12
 22794 | Swamp:1  | You fall into a shaft and drop 1 floor!
 22795 | Swamp:2  | Noticed a thorn hunter
 22810 | Swamp:2  | Killed a thorn hunter
 23415 | Swamp:2  | Paralysed by a fenstrider witch for 5 turns
 23417 | Swamp:2  | HP: 7/146 [spriggan druid/angry trees (4)]
 23418 | Swamp:2  | Killed from afar by a spriggan druid

Illustrated notes

Levels and vault maps discovered:
D:1:      saegor_arrival_simple_a, layout_basic, minmay_tetromino_l2
D:2:      layout_basic, shapermc_ecumenical_altar_gd
D:3:      minmay_inner_zag, layout_basic, nrook_mini_backslash, uniq_robin
D:4:      layout_loops_ring, serial_shops, shop, hangedman_decor_riveting,
          minivault_27, nicolae_shop_self_help, uniq_sigmund, uniq_ijyb,
          uniq_pikel, uniq_grinder, uniq_menkaure
D:5:      layout_basic, minmay_temple_entry_glass, minmay_tree_intersection,
          palyth_stone_intersect, kennysheep_small_square
D:6:      layout_gridville
D:7:      layout_cave_pods, lightli_bailey_entry_fortress, grunt_livestock
D:8:      layout_basic, kennysheep_nub
D:9:      layout_rooms, minmay_orc_entry_temple_small, uniq_maurice
D:10:     layout_irregular_city, mainiacjoe_overflow_alcove_4
D:11:     layout_roguey, lair_entry_dummy, kennysheep_diamond
D:12:     layout_gridville
D:13:     layout_long_grid, david_vaults_4, special_room [special_room_bee],
          minmay_misc_feat_square, uniq_azrael, uniq_rupert
D:14:     layout_long_grid, serial_rivers, chequers_serial_rivers_small_b,
          chequers_serial_rivers_small_b, chequers_serial_rivers_micro_e,
          chequers_serial_rivers_micro_b, kiku_gazebo_pond_becter,
          grunt_decor_fettered, minmay_protected_statue, uniq_frances
D:15:     gammafunk_enter_depths_forms, layout_basic, columned_hall_lemuel
Temple:   nicolae_temple_the_god_donut
Lair:1:   layout_hall_layers, portal_ice_cave_rime
Lair:2:   layout_regular_city, swamp_mist_pool, st_stairs_13,
          grunt_megastairs_1, serial_bayou_shore_b, lemuel_fruit_fields
Lair:3:   layout_chaotic_city, spider_nest_entry_funnel_web, st_stairs_7,
          tgw_fedhas, uniq_prince_ribbit2, uniq_sonja
Lair:4:   layout_concentric_octagons, grunt_megastairs_5, uniq_kirke
Lair:5:   layout_gridlike
Lair:6:   minmay_lair_end_frog_pond, layout_regular_city, slime_altar_2,
          uniq_nessos
Swamp:1:  nicolae_swamp_long_stream, layout_basic_swamp, serial_swamp_ruin,
          evilmike_swamp_ruin_house_6, evilmike_swamp_ruin_rubble_1,
          hangedman_swamp_ruin_hall, swamp_pool5, hangedman_swamp_cone,
          nicolae_swamp_necromancer_hut, uniq_donald
Swamp:2:  nicolae_swamp_standing_stones, layout_basic_swamp,
          nicolae_swamp_stair_fork, swamp_pool2
Orc:1:    layout_caves, uniq_jorgrun
Orc:2:    st_orc_ogre_mass, layout_diamond_mine

Skill      XL: |  1  2  3  4  5  6  7  8  9 10 11 12 13 14 15 16 |
---------------+-------------------------------------------------+-----
Fighting       | 1 2 3 4 5 7 8 10 | 10.0
Axes           | 1 2 3 6 9 11 12 14 16 17 18 | 18.0
Shields        | 1 2 4 7 10 11 12 14 | 14.4
Armour         | 4 6 7 9 12 13 | 13.5
Invocations    | 2 8 10 | 10.1
Evocations     | 9 11 12 | 12.5
Dodging        | |  1.1
Stealth        | |  1.2

Action                   |  1- 3 |  4- 6 |  7- 9 | 10-12 | 13-15 | 16-18 || total
-------------------------+-------+-------+-------+-------+-------+-------++-------
Melee: Whip              |    43 |       |       |       |       |       ||    43
       Club              |    10 |       |       |       |       |       ||    10
       Hand axe          |    76 |   291 |   105 |       |       |       ||   472
       War axe           |       |       |   174 |   597 |  1212 |   154 ||  2137
Throw: Dart              |       |       |     7 |     9 |       |     3 ||    19
Invok: Lesser Servant of |       |       |       |       |     3 |     4 ||     7
       Greater Servant o |       |       |       |       |     3 |     3 ||     6
       Major Destruction |       |       |       |       |     1 |     3 ||     4
 Abil: Heal Wounds       |     2 |     4 |     3 |    13 |    17 |     3 ||    42
Evoke: Wand              |    19 |     6 |    37 |    37 |    56 |     2 ||   157
       Piece from Xom's  |     7 |     6 |    14 |    10 |    21 |     1 ||    59
       Phial of floods   |       |       |       |       |     2 |     1 ||     3
       Tin of tremorston |       |       |       |       |     1 |     2 ||     3
  Use: Scroll            |       |     1 |    11 |    10 |    12 |       ||    34
       Potion            |       |     1 |     1 |     1 |    10 |     3 ||    16
 Stab: Petrified         |     8 |       |    10 |     2 |     2 |       ||    22
       Sleeping          |     1 |       |       |       |       |       ||     1
       Paralysed         |       |       |    18 |     2 |     8 |       ||    28
       Distracted        |       |       |       |       |     1 |     1 ||     2
       Confused          |       |       |       |       |       |     4 ||     4
Armor: Leather armour    |    15 |       |       |       |       |       ||    15
       Ring mail         |    37 |   193 |       |       |       |       ||   230
       Scale mail        |       |       |    31 |       |       |       ||    31
       Chain mail        |       |       |     8 |       |   201 |       ||   209
       Plate armour      |       |       |    84 |   414 |   277 |    68 ||   843
       Skin              |       |       |       |       |     6 |       ||     6
Dodge: Dodged            |    76 |   129 |    85 |   108 |   227 |    29 ||   654
Block: Buckler           |    17 |    85 |    55 |       |       |       ||   157
       Kite shield       |       |       |     1 |   364 |   573 |    81 ||  1019
